ACL
ACL CLEVELAND GUARDIANS @ ACL LOS ANGELES (N) DODGERS
04/22/2042
 
TOP OF THE 1ST
ACL Cleveland Guardians batting - Pitching for ACL Los Angeles (N) Dodgers : RHP Jorge Rodríguez
Pitching: RHP Jorge Rodríguez
Batting: LHB Joe Johnston 0-0: Fly out, F8 (Flyball, 78M, EV 81.3 MPH)
Batting: RHB Mike Martin 0-0: Ball
1-0: Foul Ball, location: 5F
1-1: Swinging Strike
1-2: Ball
2-2: Ground out 3-1 (Groundball, 34S, EV 71.3 MPH)
Batting: RHB Jorge Rivera 0-0: Called Strike
0-1: Ball
1-1: Called Strike
1-2: Foul Ball, location: 9LSF
1-2: Foul Ball, location: 9LMF
1-2: Ball
2-2: Foul Ball, location: 9LSF
2-2: Ball
3-2: Base on Balls
Batting: RHB Lou Armstrong 0-0: Called Strike
0-1: Ball
1-1: Foul Ball, location: 2F
1-2: Strikes out swinging
Top of the 1st over - 0 runs, 0 hits, 0 errors, 1 left on base; ACL Cleveland 0 - ACL Los Angeles (N) 0
BOTTOM OF THE 1ST
ACL Los Angeles (N) Dodgers batting - Pitching for ACL Cleveland Guardians : RHP Dani Chávez
Pitching: RHP Dani Chávez
Batting: RHB Alex Neal 0-0: DOUBLE (Groundball, 5L, EV 101.9 MPH)
Batting: LHB Robby Lucas 0-0: Called Strike
0-1: SINGLE (Groundball, 56D, EV 104.4 MPH)
Alex Neal to third
Runner from 3rd tries for Home, throw by LF and OUT! 7-2
Batting: RHB Stan Noble 0-0: Called Strike
0-1: Ball
1-1: Swinging Strike
1-2: Ball
2-2: Ball
3-2: SINGLE (Line Drive, 78M, EV 98.8 MPH)
Robby Lucas to second
Batting: LHB Jared Puddifoot 0-0: Foul Ball, location: 7LMF
0-1: Ball
1-1: Ball
2-1: Foul Ball, location: 2F
2-2: Foul Ball, location: 3FF
2-2: Ball
3-2: Strikes out swinging
Batting: RHB Artie Paige 0-0: Called Strike
0-1: Ball
1-1: Fly out, F9 (Flyball, 89D, EV 88.1 MPH)
Bottom of the 1st over - 0 runs, 3 hits, 0 errors, 2 left on base; ACL Cleveland 0 - ACL Los Angeles (N) 0
TOP OF THE 2ND
ACL Cleveland Guardians batting - Pitching for ACL Los Angeles (N) Dodgers : RHP Jorge Rodríguez
Batting: RHB Steve Conway 0-0: Ball
1-0: Ball
2-0: Foul Ball, location: 9LMF
2-1: Ground out U3 (Groundball, 34S, EV 78.1 MPH)
Batting: SHB Eric Nelson 0-0: DOUBLE (Line Drive, 89D, EV 105.6 MPH)
Batting: RHB Phil Barton 0-0: Ball
1-0: Foul Ball, location: 2F
1-1: Foul Ball, location: 2F
1-2: Foul Ball, location: 2F
1-2: Strikes out swinging
Batting: LHB Héctor Trejo 0-0: Ball
1-0: Called Strike
1-1: Swinging Strike
1-2: Ball
2-2: Strikes out swinging
Top of the 2nd over - 0 runs, 1 hit, 0 errors, 1 left on base; ACL Cleveland 0 - ACL Los Angeles (N) 0
BOTTOM OF THE 2ND
ACL Los Angeles (N) Dodgers batting - Pitching for ACL Cleveland Guardians : RHP Dani Chávez
Batting: LHB Ed Reed 0-0: Ball
1-0: Called Strike
1-1: Ball
2-1: Ball
3-1: Base on Balls
Batting: RHB Mario López 0-0: Bunt missed!
0-1: Bunt - Flyout to 23! F3
Batting: RHB Lançarote Bullock 0-0: Ball
1-0: Foul Ball, location: 2F
1-1: Called Strike
1-2: Strikes out looking
Batting: RHB Bobby Bowman 0-0: Swinging Strike
0-1: Swinging Strike
0-2: Ball
1-2: Strikes out swinging
Bottom of the 2nd over - 0 runs, 0 hits, 0 errors, 1 left on base; ACL Cleveland 0 - ACL Los Angeles (N) 0
TOP OF THE 3RD
ACL Cleveland Guardians batting - Pitching for ACL Los Angeles (N) Dodgers : RHP Jorge Rodríguez
Batting: LHB Steve Tancock 0-0: Called Strike
0-1: Ball
1-1: Swinging Strike
1-2: Strikes out swinging
Batting: LHB Joe Johnston 0-0: Foul Ball, location: 2F
0-1: Called Strike
0-2: Ball
1-2: Fly out, F8 (Flyball, 8RM, EV 84.4 MPH)
Batting: RHB Mike Martin 0-0: Swinging Strike
0-1: Ground out 6-3 (Groundball, 6, EV 101.3 MPH)
Top of the 3rd over - 0 runs, 0 hits, 0 errors, 0 left on base; ACL Cleveland 0 - ACL Los Angeles (N) 0
BOTTOM OF THE 3RD
ACL Los Angeles (N) Dodgers batting - Pitching for ACL Cleveland Guardians : RHP Dani Chávez
Batting: RHB Alex Neal 0-0: Called Strike
0-1: Called Strike
0-2: Foul Ball, location: 23F
0-2: Ball
1-2: Ball
2-2: Ball
3-2: Strikes out swinging
Batting: LHB Robby Lucas 0-0: Ball
1-0: Fly out, F8 (Flyball, 8RS, EV 95.6 MPH)
Batting: RHB Stan Noble 0-0: Ball
1-0: Ball
2-0: DOUBLE (Flyball, 8RXD, EV 106.9 MPH)
Batting: LHB Jared Puddifoot 0-0: Foul Ball, location: 2LF
0-1: Ball
1-1: Foul Ball, location: 2F
1-2: Ball
2-2: Foul Ball, location: 2F
2-2: Ball
3-2: Hit by Pitch
Batting: RHB Artie Paige 0-0: Ball
1-0: Called Strike
1-1: Foul Ball, location: 2F
1-2: Hit by Pitch
Stan Noble to third
Jared Puddifoot to second
Batting: LHB Ed Reed 0-0: Ball
1-0: Swinging Strike
1-1: Foul Ball, location: 25FF
1-2: Strikes out swinging
Bottom of the 3rd over - 0 runs, 1 hit, 0 errors, 3 left on base; ACL Cleveland 0 - ACL Los Angeles (N) 0
TOP OF THE 4TH
ACL Cleveland Guardians batting - Pitching for ACL Los Angeles (N) Dodgers : RHP Jorge Rodríguez
Batting: RHB Jorge Rivera 0-0: Ball
1-0: Called Strike
1-1: Foul Ball, location: 2F
1-2: Strikes out swinging
Batting: RHB Lou Armstrong 0-0: Ball
1-0: Ball
2-0: Ball
3-0: Base on Balls
Batting: RHB Steve Conway 0-0: Ball
1-0: Called Strike
1-1: Swinging Strike
1-2: Ball
2-2: Foul Ball, location: 25F
2-2: Strikes out swinging
Batting: SHB Eric Nelson 0-0: Foul Ball, location: 7LSF
0-1: Ball
1-1: Called Strike
1-2: Strikes out swinging
Top of the 4th over - 0 runs, 0 hits, 0 errors, 1 left on base; ACL Cleveland 0 - ACL Los Angeles (N) 0
BOTTOM OF THE 4TH
ACL Los Angeles (N) Dodgers batting - Pitching for ACL Cleveland Guardians : RHP Dani Chávez
Batting: RHB Mario López 0-0: Ball
1-0: Ground out 6-3 (Groundball, 6S, EV 70.0 MPH)
Batting: RHB Lançarote Bullock 0-0: Ball
1-0: Ball
2-0: Fly out, F8 (Flyball, 8LD, EV 108.1 MPH)
Batting: RHB Bobby Bowman 0-0: Called Strike
0-1: Ball
1-1: Ball
2-1: Ball
3-1: Foul Ball, location: 23F
3-2: Strikes out swinging
Bottom of the 4th over - 0 runs, 0 hits, 0 errors, 0 left on base; ACL Cleveland 0 - ACL Los Angeles (N) 0
TOP OF THE 5TH
ACL Cleveland Guardians batting - Pitching for ACL Los Angeles (N) Dodgers : RHP Jorge Rodríguez
Batting: RHB Phil Barton 0-0: Ball
1-0: Fly out, F6 (Flyball, 6MD, EV 92.5 MPH)
Batting: LHB Héctor Trejo 0-0: Ball
1-0: DOUBLE (Line Drive, 9LS, EV 91.9 MPH)
Batting: LHB Steve Tancock 0-0: Ball
1-0: Called Strike
1-1: Ball
2-1: Foul Ball, location: 7LSF
2-2: Strikes out swinging
Batting: LHB Joe Johnston 0-0: Foul Ball, location: 5FF
0-1: 2-RUN HOME RUN (Flyball, 8RXD, EV 110.0 MPH), Distance : 424 ft
Batting: RHB Mike Martin 0-0: Called Strike
0-1: Called Strike
0-2: SINGLE (Groundball, 34D, EV 95.6 MPH)
Batting: RHB Jorge Rivera 0-0: Ball
Mike Martin steals 2nd base
1-0: Fly out, F8 (Flyball, 8LM, EV 90.6 MPH)
Top of the 5th over - 2 runs, 3 hits, 0 errors, 1 left on base; ACL Cleveland 2 - ACL Los Angeles (N) 0
BOTTOM OF THE 5TH
ACL Los Angeles (N) Dodgers batting - Pitching for ACL Cleveland Guardians : RHP Dani Chávez
Batting: RHB Alex Neal 0-0: Called Strike
0-1: Foul Ball, location: 3SF
0-2: Strikes out swinging, 2-3 out at first.
Batting: LHB Robby Lucas 0-0: Foul Ball, location: 2F
0-1: Ball
1-1: Called Strike
1-2: Foul Ball, location: 23F
1-2: Ball
2-2: Foul Ball, location: 2LF
2-2: Strikes out swinging
Batting: RHB Stan Noble 0-0: Called Strike
0-1: Ball
1-1: Foul Ball, location: 9LSFF
1-2: Foul Ball, location: 5F
1-2: Ground out 6-3 (Groundball, 6, EV 88.1 MPH)
Bottom of the 5th over - 0 runs, 0 hits, 0 errors, 0 left on base; ACL Cleveland 2 - ACL Los Angeles (N) 0
TOP OF THE 6TH
ACL Cleveland Guardians batting - Pitching for ACL Los Angeles (N) Dodgers : RHP Jorge Rodríguez
Batting: RHB Lou Armstrong 0-0: Ball
1-0: Ball
2-0: Foul Ball, location: 5DF
2-1: Foul Ball, location: 7LSF
2-2: Strikes out looking
Pitching: LHP César Montaño
Batting: RHB Steve Conway 0-0: Swinging Strike
0-1: Ball
1-1: Ball
2-1: Called Strike
2-2: Strikes out swinging
Batting: SHB Eric Nelson 0-0: Called Strike
0-1: Called Strike
0-2: Ball
1-2: Foul Ball, location: 9LDF
1-2: Ball
2-2: Strikes out looking
Top of the 6th over - 0 runs, 0 hits, 0 errors, 0 left on base; ACL Cleveland 2 - ACL Los Angeles (N) 0
BOTTOM OF THE 6TH
ACL Los Angeles (N) Dodgers batting - Pitching for ACL Cleveland Guardians : RHP Dani Chávez
Pitching: LHP Bobby Horne
Batting: LHB Jared Puddifoot 0-0: Ball
1-0: Called Strike
1-1: Swinging Strike
1-2: Foul Ball, location: 7LMF
1-2: Foul Ball, location: 3F
1-2: Strikes out swinging
Batting: RHB Artie Paige 0-0: Ball
1-0: Called Strike
1-1: SOLO HOME RUN (Flyball, 7D, EV 95.0 MPH), Distance : 379 ft
Batting: LHB Ed Reed 0-0: Called Strike
0-1: Swinging Strike
0-2: Strikes out swinging
Batting: RHB Mario López 0-0: Ball
1-0: Ball
2-0: Called Strike
2-1: Foul Ball, location: 9LMF
2-2: Foul Ball, location: 3FF
2-2: Strikes out swinging
Bottom of the 6th over - 1 run, 1 hit, 0 errors, 0 left on base; ACL Cleveland 2 - ACL Los Angeles (N) 1
TOP OF THE 7TH
ACL Cleveland Guardians batting - Pitching for ACL Los Angeles (N) Dodgers : LHP César Montaño
Batting: RHB Phil Barton 0-0: Ball
1-0: Ball
2-0: Called Strike
2-1: Swinging Strike
2-2: Ball
3-2: Strikes out looking
Batting: LHB Héctor Trejo 0-0: Ball
1-0: Called Strike
1-1: Hit by Pitch
Batting: LHB Steve Tancock 0-0: Foul Ball, location: 5FF
0-1: Called Strike
0-2: Strikes out swinging
Batting: LHB Joe Johnston 0-0: Fly out, F8 (Flyball, 8RXD, EV 83.1 MPH)
Top of the 7th over - 0 runs, 0 hits, 0 errors, 1 left on base; ACL Cleveland 2 - ACL Los Angeles (N) 1
BOTTOM OF THE 7TH
ACL Los Angeles (N) Dodgers batting - Pitching for ACL Cleveland Guardians : LHP Bobby Horne
Batting: RHB Lançarote Bullock 0-0: SOLO HOME RUN (Flyball, 78XD, EV 102.5 MPH), Distance : 394 ft
Batting: RHB Bobby Bowman 0-0: Ball
1-0: Ball
2-0: Ball
3-0: Base on Balls
Batting: RHB Alex Neal 0-0: Ball
1-0: Ball
2-0: Ball
3-0: Called Strike
3-1: Sac Bunt to 23 - play at first, batter OUT! 3-4
Bobby Bowman to second
Batting: RHB José López 0-0: Fly out, F7 (Flyball, S2, EV 103.8 MPH)
Batting: RHB Stan Noble 0-0: Swinging Strike
0-1: Fly out, F7 (Line Drive, 7, EV 92.5 MPH)
Bottom of the 7th over - 1 run, 1 hit, 0 errors, 1 left on base; ACL Cleveland 2 - ACL Los Angeles (N) 2
TOP OF THE 8TH
ACL Cleveland Guardians batting - Pitching for ACL Los Angeles (N) Dodgers : LHP César Montaño
Batting: RHB Mike Martin 0-0: Ball
1-0: Ball
2-0: Called Strike
2-1: Foul Ball, location: 2F
2-2: Ball
3-2: Base on Balls
Batting: RHB Jorge Rivera 0-0: Foul Ball, location: 25FF
0-1: Bunt - Flyout to 13S! F1
Batting: RHB Lou Armstrong 0-0: Foul Ball, location: 2F
0-1: Foul Ball, location: 2F
0-2: Strikes out looking
Batting: RHB Steve Conway 0-0: Ball
1-0: Swinging Strike
1-1: Swinging Strike
1-2: Strikes out swinging
Top of the 8th over - 0 runs, 0 hits, 0 errors, 1 left on base; ACL Cleveland 2 - ACL Los Angeles (N) 2
BOTTOM OF THE 8TH
ACL Los Angeles (N) Dodgers batting - Pitching for ACL Cleveland Guardians : LHP Bobby Horne
Pinch Hitting: RHB Chad King 0-0: Ball
1-0: TRIPLE (Line Drive, 9LD, EV 102.5 MPH)
Batting: RHB Artie Paige 0-0: Called Strike
0-1: Ball
1-1: Ball
2-1: Swinging Strike
2-2: Strikes out looking
Pinch Hitting: RHB Sean Thomas 0-0: Called Strike
0-1: Ball
1-1: Ground out 2-3 (Groundball, 2L, EV 66.3 MPH)
Batting: RHB Mario López 0-0: Ball
1-0: Called Strike
1-1: Foul Ball, location: 9LSF
1-2: Foul Ball, location: 23FF
1-2: Strikes out looking
Bottom of the 8th over - 0 runs, 1 hit, 0 errors, 1 left on base; ACL Cleveland 2 - ACL Los Angeles (N) 2
TOP OF THE 9TH
ACL Cleveland Guardians batting - Pitching for ACL Los Angeles (N) Dodgers : LHP César Montaño
Now at C: Sean Thomas
Now at 1B: Mike Simpson
Batting: SHB Eric Nelson 0-0: Called Strike
0-1: Called Strike
0-2: Strikes out swinging
Pinch Hitting: RHB Zach Wold 0-0: Called Strike
0-1: Swinging Strike
0-2: Ball
1-2: Strikes out swinging
Batting: LHB Héctor Trejo 0-0: Called Strike
0-1: Called Strike
0-2: Ball
1-2: Strikes out swinging
Top of the 9th over - 0 runs, 0 hits, 0 errors, 0 left on base; ACL Cleveland 2 - ACL Los Angeles (N) 2
BOTTOM OF THE 9TH
ACL Los Angeles (N) Dodgers batting - Pitching for ACL Cleveland Guardians : LHP Bobby Horne
Now at 3B: Zach Wold
Batting: RHB Lançarote Bullock 0-0: Ball
1-0: SOLO HOME RUN (Flyball, 78XD, EV 99.4 MPH), Distance : 406 ft
Bottom of the 9th over - 1 run, 1 hit, 0 errors, 0 left on base; ACL Cleveland 2 - ACL Los Angeles (N) 3
Friday, May 3rd , 2024 - OOTP Baseball 24.10 Build 82